Map: Kairos Junction LE

Players

Nerchio - Winner!

  • Race: Zerg Zerg
  • Spawn Location: 11:00

SouLeer

  • Race: Zerg Zerg
  • Spawn Location: 5:00

Event: 2019 WCS Summer

VOD

Have the link to the VOD?

Description

Time

  • Played on: July 12, 2019, 7:54 a.m.
  • Length: 8:58

All games in this series

Show
View Real Time Build Order
Export as new Build Order

Nerchio Zerg - Winner!

Build Orders: Hatch First 

Get SALT Encoding   

  12  0:00  Drone  
  13  0:12  Overlord  
  13  0:16  Drone  
  14  0:31  Drone x2  
  16  0:48  Hatchery  
  15  0:52  Drone  
  15  0:55  Drone  
  17  1:09  Spawning Pool  
  16  1:12  Drone  
  16  1:14  Extractor  
  16  1:18  Drone  
  17  1:24  Drone  
  18  1:28  Drone  
  19  1:39  Overlord  
  19  1:51  Drone  
  20  1:57  Queen  
  20  2:00  Queen  
  20  2:01  Zergling x2  
  25  2:02  Zergling x2  
  26  2:14  Metabolic Boost  
  26  2:16  Drone x2  
  26  2:21  Drone  
  26  2:22  Drone  
  30  2:33  Queen  
  30  2:34  Drone  
  30  2:36  Drone  
  34  2:42  Baneling Nest  
  33  2:46  Overlord  
  33  3:00  Drone  
  33  3:01  Drone x2  
  35  3:06  Drone x4  
  39  3:14  Zergling x6  
  41  3:21  Zergling x2  
  41  3:26  Hatchery  
  41  3:29  Zergling x2  
  42  3:34  Drone  
  42  3:38  Overlord  
  42  3:39  Evolution Chamber  
  42  3:44  Drone x2  
  44  3:49  Baneling x2  
  44  3:57  Drone  
  44  3:58  Drone x4  
  44  4:01  Zergling x2  
  44  4:02  Zergling x2  
  51  4:04  Zerg Missile Weapons Level 1  
  51  4:10  Drone  
  51  4:11  Drone, Extractor, Roach Warren  
  51  4:12  Drone, Extractor  
  51  4:23  Baneling x2, Drone  
  51  4:24  Drone  
  51  4:31  Overlord  
  51  4:32  Overlord  
  51  4:34  Baneling  
  51  4:35  Baneling  
  41  4:52  Roach x6  
  52  4:55  Roach  
  52  4:58  Roach  
  55  5:01  Roach  
  55  5:03  Zergling x4  
  55  5:04  Roach  
  57  5:09  Zergling x8  
  61  5:16  Roach  
  59  5:21  Zergling x2  
  45  5:30  Drone x2  
  47  5:39  Drone x3  
  50  5:46  Baneling x2  
  50  5:52  Drone x3  
  50  5:53  Drone x2  
  50  5:55  Drone  
  55  6:09  Roach x3  
  59  6:16  Roach x2  
  65  6:20  Roach  
  65  6:34  Zergling x2  
  65  6:35  Zergling x2  
  67  6:40  Hatchery, Queen  
  68  6:47  Overlord  
  67  6:58  Queen  
  63  7:02  Roach x2  
  65  7:09  Roach x4  
  65  7:10  Ravager  
  65  7:13  Ravager  
  74  7:16  Roach  
  63  7:23  Ravager x2  
  63  7:25  Ravager  
  64  7:36  Roach  
  64  7:40  Zergling x4  
  64  7:41  Zergling x2  
  65  7:47  Zergling x4  
  67  7:52  Roach  
  69  7:59  Zergling x2  
  70  8:12  Roach  
  70  8:13  Roach  
  70  8:15  Zergling x2  
  62  8:24  Roach  
  62  8:26  Zergling x2  
Show
View Real Time Build Order
Export as new Build Order

SouLeer Zerg 

Build Orders: Pool First, Zergling Baneling 

Get SALT Encoding   

  12  0:00  Drone  
  13  0:12  Overlord  
  13  0:17  Drone  
  14  0:30  Drone x2  
  14  0:34  Drone  
  17  0:45  Extractor, Spawning Pool  
  16  0:50  Drone  
  16  1:11  Hatchery  
  16  1:16  Drone  
  16  1:31  Queen  
  18  1:33  Zergling x2  
  18  1:36  Zergling x2  
  20  1:42  Drone  
  21  1:47  Metabolic Boost  
  21  1:54  Overlord  
  21  2:03  Drone  
  22  2:12  Queen  
  22  2:13  Drone  
  25  2:20  Drone  
  26  2:28  Drone x2  
  27  2:36  Drone  
  28  2:43  Drone x3  
  31  2:48  Zergling x2  
  32  2:54  Baneling Nest  
  31  3:01  Drone  
  32  3:06  Overlord  
  31  3:15  Hatchery  
  30  3:25  Zergling x10  
  35  3:28  Overlord  
  35  3:34  Overlord  
  35  3:46  Baneling x4  
  35  3:49  Zergling x10  
  35  3:51  Zergling x2  
  41  3:57  Zergling x4  
  43  4:05  Zergling x6  
  43  4:08  Zergling x4  
  48  4:15  Zergling x2  
  49  4:19  Zergling x2  
  49  4:23  Baneling x2  
  49  4:25  Zergling x2  
  49  4:28  Zergling x2  
  49  4:29  Baneling x4  
  51  4:31  Zergling x2  
  51  4:35  Zergling x6  
  51  4:38  Zergling x2  
  56  4:45  Zergling x6  
  50  4:54  Baneling x2  
  50  4:58  Zergling x6  
  48  5:03  Zergling x8  
  48  5:05  Zergling x2  
  51  5:08  Zergling x2  
  51  5:12  Baneling x2  
  51  5:15  Zergling x4  
  51  5:20  Zergling x4  
  51  5:23  Zergling x2  
  51  5:24  Zergling x2  
  45  5:29  Zergling x4  
  45  5:35  Zergling x2  
  45  5:36  Zergling x2  
  45  5:41  Evolution Chamber  
  45  5:44  Zergling x2  
  45  5:45  Zergling x4  
  48  5:52  Zergling x2  
  48  5:53  Zergling x4  
  48  5:55  Baneling x3  
  51  6:01  Drone x2  
  51  6:04  Drone x2  
  51  6:09  Drone  
  53  6:18  Drone x3  
  55  6:19  Drone  
  56  6:25  Zerg Melee Weapons Level 1  
  56  6:27  Drone  
  56  6:30  Overlord  
  57  6:35  Spine Crawler  
  56  6:43  Zergling x4  
  56  6:45  Overlord  
  58  6:50  Zergling x6  
  58  6:51  Zergling x2  
  59  7:01  Zergling x2  
  59  7:02  Zergling x6  
  59  7:03  Spine Crawler  
  59  7:08  Zergling x6  
  59  7:10  Zergling x6  
  59  7:14  Zergling x4  
  56  7:17  Zergling x4  
  56  7:19  Zergling x2  
  53  7:22  Zergling x2  
  53  7:23  Zergling x2  
  53  7:28  Zergling x2  
  53  7:30  Zergling x2  
  53  7:31  Zergling x2  
  53  7:32  Zergling x2  
  51  7:41  Zergling x4  
  52  7:46  Zergling x2  
  52  7:48  Queen x2  
  55  7:53  Zergling x6  
  55  7:56  Zergling x4  
  59  8:00  Zergling x2  
  59  8:02  Zergling x2  
  59  8:06  Zergling x4  
  56  8:13  Zergling x2  
  56  8:15  Baneling x2  
  56  8:16  Zergling x2  
  56  8:19  Zergling x2  
  44  8:23  Zergling x8  
  43  8:27  Zergling x2  
  43  8:34  Baneling  
  40  8:37  Zergling x2  
Tags
 
Add a new tag
Caveats
  • Supply blocks, unpowered buildings, or Contaminate may cause inaccurate times.
  • Supply counts are checked every 10 seconds.